 Dungeon Crawl Stone Soup version 0.29-a0-598-gd8304a5bf4 (webtiles) character file.

Game seed: 17440352210062830625

403 RancidPinata the Cudgeller (level 6, 0/39 HPs)
             Began as a Gargoyle Gladiator on June 14, 2022.
             Slain by Pikel
             ... wielding a +2 whip of freezing
              (1 damage)
             ... on level 4 of the Dungeon on June 15, 2022.
             The game lasted 00:15:40 (3630 turns).

RancidPinata the Cudgeller (Gargoyle Gladiator)     Turns: 3630, Time: 00:15:41

Health: 0/39       AC:  9    Str: 21    XL:     6   Next: 86%
Magic:  6/6        EV: 11    Int:  9    God:
Gold:   165        SH:  0    Dex: 11    Spells: 5/5 levels left

rFire   . . .      SeeInvis .   n - +3 whip (elec)
rCold   . . .      Faith    .   (no shield)
rNeg    + . .      Spirit   .   p - +0 ring mail
rPois   ∞          Reflect  .   c - +0 helmet
rElec   +          Harm     .   (no cloak)
rCorr   .          Rampage  .   (no gloves)
Will    .....                   g - +0 pair of boots
Stlth   +.........              (no amulet)
HPRegen 0.13/turn               (no ring)
MPRegen 0.10/turn               (no ring)

@: no status effects
A: sickness immunity, AC +4, negative energy resistance 1, electricity
resistance, torment resistance 1, petrification resistance, talons 1, deformed
body, strong 1
a: no special abilities


You were on level 4 of the Dungeon.
You visited 1 branch of the dungeon, and saw 5 of its levels.

You collected 179 gold pieces.
You spent 14 gold pieces at shops.

Inventory:

Hand Weapons
 a - a +0 flail
 n - a +3 whip of electrocution (weapon)
Missiles
 d - 3 throwing nets (quivered)
 e - a javelin
 k - 8 boomerangs
 l - 87 stones
Armour
 c - a +0 helmet (worn)
 g - a +0 pair of boots (worn)
 p - a +0 ring mail (worn)
Jewellery
 v - a ring of flight
Scrolls
 b - a scroll of summoning {unknown}
 f - a scroll of enchant weapon
 i - a scroll of blinking {unknown}
 m - 6 scrolls of identify {unknown}
 q - a scroll of immolation {unknown}
 r - 2 scrolls of teleportation {unknown}
 t - 2 scrolls of silence {unknown}
Potions
 j - a potion of flight


   Skills:
 * Level 4.6 Fighting
 * Level 4.7 Maces & Flails
 + Level 2.8 Throwing
 + Level 2.4 Armour
 + Level 3.1 Dodging


You had 5 spell levels left.
You didn't know any spells.
Your spell library contained the following spells:

 Spells                   Type           Power      Damage    Failure   Level
 Ensorcelled Hibernation  Hex/Ice        0%         N/A       69%         2
 Passwall                 Tmut/Erth      0%         N/A       69%         2
 Confusing Touch          Hex            0%         N/A       89%         3
 Swiftness                Air            0%         N/A       89%         3
 Yara's Violent Unravell  Hex/Tmut       0%         3d3       100%        5
 Enfeeble                 Hex            0%         N/A       100%        7


Dungeon Overview and Level Annotations

Branches:
Dungeon (5/15)
 Temple: D:4-7

Altars:
Ashenzari
Cheibriados
Dithmenos
Elyvilon
Kikubaaqudgha
Qazlal
Wu Jian
Yredelemnul

Shops:
D:3 [=*![

Annotations:
D:4 Pikel


Innate Abilities, Weirdness & Mutations

You are immune to sickness and miasma.
Your stone body is resilient. (AC +4)
You are immune to poison.
You resist negative energy. (rN+)
You are resistant to electric shocks. (rElec)
You are resistant to unholy torment.
You are immune to petrification.
You have sharp toenails.
Armour fits poorly on your strangely shaped body.
Your muscles are strong. (Str +2)


Message History

You feel clever all of a sudden. Pikel closely misses you.
It was a potion of cancellation.
Your magical effects are unravelling.
You feel magically purged.
You float gracefully downwards.
You feel a little less clever now. Pikel barely misses you.
It was a potion of mutation.
You feel extremely strange.
Your body twists and deforms.
Your toenails lengthen and sharpen.
You feel stronger. Pikel barely misses you.
You whack Pikel!
Pikel is moderately wounded.
Pikel hits you with a +2 whip of freezing.
* * * LOW HITPOINT WARNING * * *
Pikel freezes you.
* * * LOW HITPOINT WARNING * * *
It was a potion of heal wounds.
You feel much better.
Pikel hits you with a +2 whip of freezing.
Pikel freezes you. Pikel attacks as you move away!
Pikel hits you with a +2 whip of freezing.
Pikel freezes you.
You closely miss Pikel.
Pikel is moderately wounded.
You closely miss Pikel.
Pikel is moderately wounded.
Pikel barely misses you.
You barely miss Pikel.
Pikel is moderately wounded.
Pikel hits you with a +2 whip of freezing.
* * * LOW HITPOINT WARNING * * *
Pikel freezes you.
* * * LOW HITPOINT WARNING * * *
You hit Pikel.
Pikel is moderately wounded.
Pikel hits you with a +2 whip of freezing.
* * * LOW HITPOINT WARNING * * *
Pikel freezes you.
You die...

.......##.##.#K####>#
........#.##.#.# #.#
..........##.#5####K#
'####'###.##K#...5#5#
†..#..# #.##.####5#5#
...#..# #...5...#K#.#
...#### ####5#[##5#K#
...#..# #K#.##K#.#
...'†.# #.#..@.#.#
##'#### #.######.#
#..# #..55K...# '..#
########## ####


You could see Pikel, 3 lemures and a kobold.

Vanquished Creatures
  A black bear (D:4)
  A jelly (D:3)
  2 iguanas
  2 gnolls (D:5)
  12 adders
  A worm (D:2)
  2 dart slugs
  7 orcs
  12 ball pythons
  8 endoplasms
  3 giant cockroaches (D:1)
  6 goblins
  6 hobgoblins
  3 jackals (D:1)
  3 quokkas
  4 bats
  8 frilled lizards
  9 kobolds
  4 rats
94 creatures vanquished.

Vanquished Creatures (others)
  An endoplasm (D:4)
  2 demonic plants (D:1)
  A withered plant (D:1)
4 creatures vanquished.

Grand Total: 98 creatures vanquished

Notes
Turn   | Place    | Note
-------+----------+-------------------------------------------
     0 | D:1      | RancidPinata the Gargoyle Gladiator began the quest for the
                  | Orb.
     0 | D:1      | Reached XP level 1. HP: 12/12 MP: 1/1
   124 | D:1      | Reached XP level 2. HP: 12/18 MP: 2/2
   720 | D:1      | Reached XP level 3. HP: 13/22 MP: 3/3
   935 | D:1      | Found a faded altar of an unknown god.
   945 | D:1      | You fall into a shaft and drop 1 floor!
  1126 | D:2      | Reached skill level 1 in Armour
  1685 | D:2      | Reached XP level 4. HP: 28/28 MP: 4/4
  2016 | D:3      | Found Oxax's Distillery.
  2125 | D:3      | Bought a potion of degeneration for 14 gold pieces
  2151 | D:3      | Found an ancient bone altar of Kikubaaqudgha.
  2224 | D:3      | Reached XP level 5. HP: 28/32 MP: 5/5
  2224 | D:3      | Found Rukhle Ywnu's Armour Shop.
  2453 | D:3      | Found an ornate altar of the Wu Jian Council.
  2526 | D:3      | Found Pyusias's Assorted Antiques.
  2533 | D:3      | Found a broken altar of Ashenzari.
  2616 | D:3      | Found Hamaxzeon's Antique Armour Shoppe.
  2679 | D:3      | Found Veicon's Jewellery Shoppe.
  2821 | D:4      | Found a stormy altar of Qazlal.
  3109 | D:4      | Reached XP level 6. HP: 38/38 MP: 6/6
  3278 | D:4      | Found a shadowy altar of Dithmenos.
  3299 | D:4      | Found a white marble altar of Elyvilon.
  3350 | D:4      | Noticed Pikel
  3352 | D:4      | Noticed a black bear
  3373 | D:4      | Found a snail-covered altar of Cheibriados.
  3441 | D:5      | Entered Level 5 of the Dungeon
  3507 | D:5      | Upgraded the game from 0.29-a0-582-ge82337ba6a to
                  | 0.29-a0-598-gd8304a5bf4
  3545 | D:5      | Found a basalt altar of Yredelemnul.
  3562 | D:5      | Noticed an ice beast
  3612 | D:4      | Killed a black bear
  3623 | D:4      | Gained mutation: Armour fits poorly on your strangely
                  | shaped body. [potion of mutation]
  3623 | D:4      | Gained mutation: You have sharp toenails. [potion of
                  | mutation]
  3623 | D:4      | Gained mutation: Your muscles are strong. (Str +2) [potion
                  | of mutation]
  3630 | D:4      | HP: 1/39 [Pikel/+2 whip of freezing (5)]
  3630 | D:4      | Slain by Pikel

Illustrated notes

Levels and vault maps discovered:
D:1:      minmay_arrival_checkered_box, layout_loops_cross,
          shapermc_ecumenical_altar_gd
D:2:      layout_rooms
D:3:      layout_rooms, nicolae_kikubaaqudgha_miasma_corner,
          overflow_temple_1_default, lemuel_crystal_altar, serial_shops, shop,
          nicolae_shop_stone, nicolae_lakefront_shop, shop, shop_statue,
          item_on_display_a
D:4:      layout_basic, grunt_qazlal_clouds,
          mainiacjoe_overflow_six_doors_small, general_overflow_altar,
          mainiacjoe_overflow_boulevard, minmay_snake_closets, uniq_pikel
D:5:      layout_loops_ring, mainiacjoe_overflow_alcove_2,
          minmay_temple_entry_poolview, gammafunk_ghost_split,
          serial_bayou_pond_d

Skill      XL: |  1  2  3  4  5  6 |
---------------+-------------------+-----
Throwing       | 2 |  2.8
Armour         | 1 2 |  2.4
Fighting       | 3 4 |  4.6
Maces & Flails | 4 |  4.7
Dodging        | 3 |  3.1

Action                   |  1- 3 |  4- 6 || total
-------------------------+-------+-------++-------
Melee: Flail             |    43 |       ||    43
       Whip              |    77 |   185 ||   262
       Punch             |       |     1 ||     1
  Use: Potion            |       |     7 ||     7
       Scroll            |       |     1 ||     1
 Stab: Sleeping          |     1 |       ||     1
Armor: Leather armour    |    30 |       ||    30
       Ring mail         |    25 |   105 ||   130
Dodge: Dodged            |    83 |   142 ||   225

Table legend: (Time is in decaauts)
 A = Elapsed time spent in this place.
 B = Non-inter-level travel time spent in this place.
 C = Inter-level travel time spent in this place.
 D = Time resting spent in this place.
 E = Time spent auto-exploring this place.
 F = Levels seen in this place.
 G = Mean time per level.
                   A        B        C        D        E       F      G
               +--------+--------+--------+--------+--------+-----+--------+
         Total |   3617 |   3590 |     27 |    942 |   1368 |   5 |  723.4 |
       Dungeon |   3617 |   3590 |     27 |    942 |   1368 |   5 |  723.4 |
               +--------+--------+--------+--------+--------+-----+--------+

Top non-repeatable levels by time:
     D:1: 1263 daAuts
     D:3: 826 daAuts
     D:2: 730 daAuts
     D:4: 649 daAuts
     D:5: 148 daAuts
